 Dungeon Crawl Stone Soup version 0.28-a0-726-g4a9143789a (webtiles) character file.

Game seed: 11801124809691457027

23601 ytrimaz the Carver (level 13, -12/103 HPs)
             Began as a Formicid Fighter on Oct 27, 2021.
             Was a High Priest of Okawaru.
             Shot with an arrow by a centaur warrior (15 damage)
             ... on level 13 of the Dungeon.
             The game lasted 00:22:42 (17398 turns).

ytrimaz the Carver (Formicid Fighter)              Turns: 17398, Time: 00:22:43

Health: -12/103    AC: 19    Str: 40    XL:     13   Next: 36%
Magic:  17/17      EV:  9    Int: 10    God:    Okawaru [*****.]
Gold:   1247       SH: 12    Dex: 10    Spells: 12/12 levels left

rFire   . . .      SeeInvis +   K - +4 great sword "Izunnumm" {vorpal, rCorr Str+7}
rCold   + . .      Faith    .   c - +0 buckler
rNeg    . . .      Spirit   .   H - +0 storm dragon scales
rPois   +          Reflect  +   (helmet unavailable)
rElec   +          Harm     .   w - +2 cloak of the Ecumenical Temple {*Slow rPois Int+3 SInv}
rCorr   +          Rampage  +   f - +0 pair of gloves
Will    +....                   k - +1 pair of boots {rampage}
Stlth   ..........              m - amulet of reflection
HPRegen 0.27/turn               j - +6 ring of strength
MPRegen 0.15/turn               p - +4 ring of slaying

@: no status effects
A: permanent stasis, dig shafts and tunnels, antennae 3, four strong arms,
talons 1, cold resistance 1
a: Dig, Shaft Self, Renounce Religion, Heroism, Finesse, Duel


You were on level 13 of the Dungeon.
You worshipped Okawaru.
Okawaru was extremely pleased with you.
You visited 3 branches of the dungeon, and saw 15 of its levels.
You also visited: Sewer.

You collected 1749 gold pieces.
You spent 502 gold pieces at shops.

Inventory:

Hand Weapons
 a - a +0 war axe of freezing
 g - a +1 long sword of electrocution
 z - the +8 great mace of Zuqoabb {antimagic, rPois}
   (You bought it in a shop on level 3 of the Dungeon)

   It reduces the magical energy of the wielder, and disrupts the spells and
   magical abilities of those it strikes.
   Natural abilities and divine invocations are not affected.
   rPois:     It protects you from poison.
 K - the +4 great sword "Izunnumm" (weapon) {vorpal, rCorr Str+7}
   (Okawaru gifted it to you on level 10 of the Dungeon)

   It inflicts extra damage upon your enemies.
   Str:       It affects your strength (+7).
   rCorr:     It protects you from acid and corrosion.
Missiles
 d - 4 throwing nets
Armour
 c - a +0 buckler (worn)
 f - a +0 pair of gloves (worn)
 k - a +1 pair of boots of rampaging (worn)
 w - the +2 cloak of the Ecumenical Temple (worn) {*Slow rPois Int+3 SInv}
   (You found it on level 6 of the Dungeon)

   Int:       It affects your intelligence (+3).
   rPois:     It protects you from poison.
   SInv:      It lets you see invisible.
   *Slow:     It may slow you when you take damage.
 H - +0 storm dragon scales (worn)
Jewellery
 j - a +6 ring of strength (left hand)
 m - an amulet of reflection (around neck)
 n - a +4 ring of evasion
 p - a +4 ring of slaying (right hand)
 E - an amulet of regeneration
Wands
 b - a wand of acid (28)
 v - a wand of digging (10)
 A - a wand of paralysis (19)
 G - a wand of flame (30)
 I - a wand of iceblast (8)
Scrolls
 i - 2 scrolls of identify
 l - a scroll of enchant weapon
 o - a scroll of magic mapping
 s - 4 scrolls of fog
 t - a scroll of torment
 B - a scroll of silence
 D - 2 scrolls of amnesia
 N - a scroll of vulnerability
Potions
 e - 5 potions of curing
 h - 6 potions of flight
 q - a potion of magic
 u - 2 potions of brilliance {unknown}
 x - 4 potions of invisibility {unknown}
 C - a potion of lignification {unknown}
 M - 3 potions of resistance {unknown}


   Skills:
 * Level 9.9 Fighting
 * Level 13.0 Long Blades
 - Level 2.1(5.6) Axes
 - Level 8.2(8.4) Maces & Flails
 - Level 6.2 Armour
 * Level 12.9 Shields
 * Level 6.6 Invocations


You had 12 spell levels left.
You didn't know any spells.
Your spell library contained the following spells:

 Spells                   Type           Power      Damage    Failure   Level
 Freeze                   Ice            0%         1d3       77%         1
 Corpse Rot               Necr/Air       0%         N/A       88%         2
 Ensorcelled Hibernation  Hex/Ice        0%         N/A       88%         2
 Poisonous Vapours        Pois/Air       0%         N/A       88%         2
 Slow                     Hex            0%         N/A       88%         2
 Confusing Touch          Hex            0%         N/A       98%         3
 Frozen Ramparts          Ice            0%         1d2       98%         3
 Ignite Poison            Fire/Tmut/Pois 0%         N/A       98%         3
 Mephitic Cloud           Conj/Pois/Air  0%         N/A       98%         3
 Spider Form              Tmut/Pois      0%         N/A       98%         3
 Vampiric Draining        Necr           0%         2d6       98%         3
 Dispel Undead            Necr           0%         3d6       100%        4
 Hailstorm                Conj/Ice       0%         3d3       100%        4
 Freezing Cloud           Conj/Ice/Air   0%         6-21      100%        5
 Manifold Assault         Tloc           0%         N/A       100%        5
 Storm Form               Tmut/Air       0%         N/A       100%        7
 Blink                    Tloc           Unusable   N/A       N/A         2
 Death Channel            Necr           Unusable   N/A       N/A         6

Dungeon Overview and Level Annotations

Branches:
Dungeon (13/15)            Temple (1/1) D:5            Lair (0/6) D:11
    Orc (1/2) D:11          Sewer (visited)
 Vaults: D:13-14

Altars:
Ashenzari
Cheibriados
Kikubaaqudgha
Nemelex Xobeh
Okawaru
Qazlal
Ru
Sif Muna
Uskayaw
Vehumet
Wu Jian
Zin

Shops:
D:1 (   D:3 *   D:6 [   D:13 *


Innate Abilities, Weirdness & Mutations

You cannot be hasted, slowed, berserked, paralysed or teleported.
You can dig through walls and to a lower floor.
You have a pair of large antennae on your head. (SInv)
Your four strong arms can wield two-handed weapons with a shield.
You have sharp toenails.
Your flesh is cold resistant. (rC+)


Message History

The arrow closely misses you.
The centaur shoots an arrow.
The arrow hits you.
* * * LOW HITPOINT WARNING * * *
The centaur shoots an arrow.
You reflect the arrow off an invisible shield around you!
The arrow closely misses the centaur.
The centaur warrior shoots an arrow.
You reflect the arrow off an invisible shield around you!
The arrow closely misses the centaur warrior.
You feel better.
The centaur shoots an arrow.
You reflect the arrow off an invisible shield around you!
The arrow hits the centaur!
The centaur warrior shoots an arrow.
You reflect the arrow off an invisible shield around you!
The arrow hits the centaur warrior!!
Unknown command.
The centaur shoots an arrow.
The arrow hits you!
* * * LOW HITPOINT WARNING * * *
The centaur wields a +0 shortbow.
The centaur shoots an arrow.
You reflect the arrow off an invisible shield around you!
The arrow hits the centaur!
The centaur shoots an arrow.
The arrow hits you but does no damage.
The centaur shoots an arrow.
The arrow barely misses you.
The centaur shoots an arrow.
The arrow hits you!
* * * LOW HITPOINT WARNING * * *
The centaur warrior shoots an arrow.
You reflect the arrow off an invisible shield around you!
The arrow barely misses the centaur warrior.
The centaur shoots an arrow.
You reflect the arrow off an invisible shield around you!
The arrow hits the centaur.
The centaur shoots an arrow.
The arrow hits you.
* * * LOW HITPOINT WARNING * * *
You feel better.
The centaur shoots an arrow.
The arrow hits you but does no damage.
The centaur shoots an arrow.
You reflect the arrow off an invisible shield around you!
The arrow barely misses the centaur.
The centaur shoots an arrow.
The arrow hits you but does no damage.
The centaur shoots an arrow.
The arrow hits you but does no damage.
The centaur warrior shoots an arrow.
The arrow hits you!
* * * LOW HITPOINT WARNING * * *
The centaur warrior shoots an arrow.
The arrow hits you!
You die...

..............c..........#.#
##.#.##.##.cc#.#.##......#.#
#.......)...#.#.##......#.#
#........(....#.........#.#
......#.##.......###.###.#.#
###.....##.###.#.###.....#.#
.......##.# #.#...........#
........##.# #.............#
###....###.# #.#@###.###.###
#....# #...........# #.#
#.###.#<###.# ###
............# ###.#####.#
#.# #.# #. #.# #.# #.#


You could see a centaur warrior and a centaur.

Vanquished Creatures
  A hydra (D:12)
  Harold (D:7)
  2 boulder beetles
  A two-headed ogre (D:12)
  A centaur warrior (D:12)
  A tengu warrior (D:12)
  Urug (D:11)
  Sonja (D:10)
  5 skeletal warriors (D:12)
  An orc knight (D:11)
  A deep elf pyromancer (D:12)
  An orc sorcerer (D:11)
  A manticore (D:12)
  3 cyclopes
  An ugly thing (D:13)
  2 unseen horrors (D:12)
  An efreet (D:13)
  A komodo dragon (D:11)
  A tengu conjurer (D:12)
  2 trolls
  Sigmund (D:6)
  16 yaks
  4 wraiths
  A wyvern (D:9)
  2 vampires
  A shadow (D:9)
  A water elemental (D:12)
  A steam dragon (D:10)
  4 vampire mosquitoes (D:9)
  Menkaure (D:7)
  An acid dragon (D:13)
  2 water moccasins
  A hornet zombie (D:9)
  7 orc warriors
  2 ice beasts
  3 sky beasts
  2 black bears
  5 necrophages
  An ogre (D:6)
  6 centaurs
  2 phantoms (D:6)
  4 kobold brigands
  Blork the orc (D:5)
  4 scorpions
  A water moccasin skeleton (D:2)
  4 wights
  2 howler monkeys
  6 electric eels
  5 centaur zombies
  2 hounds (D:6)
  A gnoll shaman (D:7)
  5 orc priests
  Crazy Yiuf (D:4)
  Ijyb (D:5)
  14 orc wizards
  2 hound skeletons
  2 howler monkey zombies
  6 adders
  7 gnolls
  4 river rats
  A shadow imp (D:6)
  2 white imps
  2 adder skeletons (D:4)
  A worm (D:5)
  2 dart slugs
  48 orcs
  5 ball pythons
  8 endoplasms
  6 giant cockroaches
  3 hobgoblins
  A jackal (Sewer)
  15 kobolds
  2 quokkas
  6 bats
  5 frilled lizards
  8 goblins
  7 rats
287 creatures vanquished.

Vanquished Creatures (others)
  A centaur (D:13)
  A fungus (D:4)
  9 plants (D:11)
11 creatures vanquished.

Grand Total: 298 creatures vanquished

Notes
Turn   | Place    | Note
-------+----------+-------------------------------------------
     0 | D:1      | ytrimaz the Formicid Fighter began the quest for the Orb.
     0 | D:1      | Reached XP level 1. HP: 18/18 MP: 1/1
   208 | D:1      | Reached XP level 2. HP: 22/24 MP: 2/2
   548 | D:1      | Found Ohigaus's Antique Weapon Shoppe.
  1156 | D:2      | Reached XP level 3. HP: 27/29 MP: 3/3
  1373 | D:2      | Reached skill level 2 in Long Blades
  1373 | D:2      | Reached XP level 4. HP: 37/37 MP: 4/4
  1391 | D:2      | Found a faded altar of an unknown god.
  1949 | D:3      | Reached XP level 5. HP: 39/42 MP: 5/5
  2320 | D:3      | Reached skill level 3 in Long Blades
  2335 | D:3      | Reached XP level 6. HP: 48/48 MP: 6/6
  2355 | D:3      | Reached skill level 5 in Shields
  2492 | D:3      | Found a sparkling altar of Nemelex Xobeh.
  2495 | D:3      | Found a sacrificial altar of Ru.
  2500 | D:3      | Found a stormy altar of Qazlal.
  2628 | D:3      | Found Niennohe's Assorted Antiques.
  2946 | D:4      | Reached skill level 4 in Long Blades
  3420 | D:4      | Found a broken altar of Ashenzari.
  3426 | D:4      | Noticed a black bear
  3434 | D:4      | Killed a black bear
  3435 | D:4      | Reached skill level 1 in Maces & Flails
  3435 | D:4      | Reached XP level 7. HP: 47/54 MP: 7/7
  4083 | D:4      | Found a runed translucent door.
  4084 | D:4      | Noticed Crazy Yiuf
  4088 | D:4      | Killed Crazy Yiuf
  4130 | D:5      | Entered Level 5 of the Dungeon
  4147 | D:5      | Noticed a water moccasin
  4154 | D:5      | Killed a water moccasin
  4155 | D:5      | Reached skill level 5 in Long Blades
  4158 | D:5      | Reached XP level 8. HP: 43/60 MP: 8/8
  4176 | D:5      | Found a staircase to the Ecumenical Temple.
  4181 | Temple   | Entered the Ecumenical Temple
  4203 | Temple   | Became a worshipper of Warmaster Okawaru
  4306 | D:5      | Found an ornate altar of the Wu Jian Council.
  4437 | D:5      | Found a glowing drain.
  4441 | Sewer    | Entered a sewer
  4555 | Sewer    | Reached * piety under Okawaru
  4612 | Sewer    | Found a glowing silver altar of Zin.
  4921 | D:5      | Noticed Blork the orc
  4926 | D:5      | Killed Blork the orc
  4927 | D:5      | Reached skill level 6 in Long Blades
  4927 | D:5      | Reached skill level 5 in Armour
  5209 | D:5      | Found a hide-covered altar of Uskayaw.
  5248 | D:5      | Noticed Ijyb
  5265 | D:5      | Killed Ijyb
  5594 | D:6      | Identified the +2 cloak of the Ecumenical Temple {*Slow
                  | rPois Int+3 SInv}
  5693 | D:6      | Reached XP level 9. HP: 64/66 MP: 9/9
  5699 | D:6      | You fall into a shaft and drop 2 floors!
  5762 | D:7      | Reached ** piety under Okawaru
  5763 | D:7      | Reached skill level 7 in Long Blades
  6054 | D:6      | Found a snail-covered altar of Cheibriados.
  6124 | D:6      | Reached skill level 5 in Fighting
  6127 | D:6      | Noticed Sigmund
  6141 | D:6      | Killed Sigmund
  6142 | D:6      | Reached skill level 8 in Long Blades
  6306 | D:3      | Bought a pitted great mace for 253 gold pieces
  6306 | D:3      | Identified the +8 great mace of Zuqoabb {antimagic, rPois}
                  | (You bought it in a shop on level 3 of the Dungeon)
  6306 | D:3      | Bought a scroll of identify for 44 gold pieces
  6306 | D:3      | Bought a scroll of identify for 44 gold pieces
  6306 | D:3      | Identified a scroll of acquirement
  6310 | D:3      | Acquired 813 gold pieces
  6511 | D:6      | Found Guhiclea's Armour Shoppe.
  6518 | D:6      | Bought a +0 pair of boots of rampaging for 161 gold pieces
  6604 | D:6      | Reached *** piety under Okawaru
  6869 | D:7      | Reached XP level 10. HP: 63/74 MP: 3/10
  6869 | D:7      | Noticed Menkaure
  6873 | D:7      | Killed Menkaure
  7087 | D:7      | Reached skill level 5 in Maces & Flails
  7222 | D:7      | Noticed Harold
  7235 | D:7      | Killed Harold
  8002 | D:8      | Reached **** piety under Okawaru
  8003 | D:8      | Reached skill level 1 in Invocations
  8036 | D:8      | Received a gift from Okawaru
  9020 | D:9      | Reached XP level 11. HP: 49/81 MP: 12/12
  9500 | D:9      | Reached skill level 10 in Shields
  9637 | D:9      | Reached skill level 9 in Long Blades
  9892 | D:9      | Reached ***** piety under Okawaru
 10300 | D:10     | Entered Level 10 of the Dungeon
 10316 | D:10     | Found a radiant altar of Vehumet.
 10386 | D:10     | Noticed Sonja
 10396 | D:10     | Killed Sonja
 10396 | D:10     | Identified the +4 great sword "Izunnumm" {vorpal, rCorr
                  | Str+7} (Okawaru gifted it to you on level 10 of the
                  | Dungeon)
 10396 | D:10     | Received a gift from Okawaru
 11081 | D:10     | Gained mutation: You occasionally shout uncontrollably at
                  | your foes. [potion of mutation]
 11082 | D:10     | Lost mutation: You occasionally shout uncontrollably at
                  | your foes. [potion of mutation]
 11082 | D:10     | Gained mutation: Your flesh is cold resistant. (rC+)
                  | [potion of mutation]
 11082 | D:10     | Gained mutation: You have sharp toenails. [potion of
                  | mutation]
 11295 | D:11     | Noticed Urug
 11305 | D:11     | Killed Urug
 11484 | D:11     | Reached skill level 10 in Long Blades
 11490 | D:11     | Noticed a cyclops
 11503 | D:11     | Killed a cyclops
 11714 | D:11     | Noticed an orc sorcerer
 11718 | D:11     | Noticed an orc knight
 11723 | D:11     | Killed an orc sorcerer
 11724 | D:11     | Reached XP level 12. HP: 69/92 MP: 7/15
 11846 | D:11     | Found a staircase to the Lair.
 12094 | D:11     | Noticed a boulder beetle
 12108 | D:11     | Killed a boulder beetle
 12109 | D:11     | Reached skill level 11 in Long Blades
 12147 | D:11     | Found a staircase to the Orcish Mines.
 12337 | D:11     | Reached skill level 5 in Invocations
 12565 | D:12     | Noticed a four-headed hydra
 12602 | Orc:1    | Entered Level 1 of the Orcish Mines
 13141 | D:12     | Noticed a boulder beetle
 13155 | D:12     | Killed a boulder beetle
 13349 | D:12     | Received a gift from Okawaru
 13714 | D:12     | Noticed a two-headed ogre
 13721 | D:12     | Killed a two-headed ogre
 14031 | D:12     | Killed a four-headed hydra
 14032 | D:12     | Reached skill level 12 in Long Blades
 14807 | D:13     | Noticed a centaur warrior
 14807 | D:13     | Noticed a tengu warrior
 14935 | D:13     | Noticed a skeletal warrior
 14940 | D:12     | Killed a tengu warrior
 14941 | D:12     | Reached XP level 13. HP: 68/101 MP: 14/17
 15539 | D:12     | Received a gift from Okawaru
 16310 | D:12     | Killed a centaur warrior
 17006 | D:13     | Found Zin's Purification Station.
 17014 | D:13     | Found a glowing silver altar of Zin.
 17070 | D:13     | Reached skill level 13 in Long Blades
 17354 | D:13     | Noticed a centaur warrior
 17398 | D:13     | HP: 3/103 [centaur warrior/arrow (14)]
 17398 | D:13     | Shot with an arrow by a centaur warrior

Illustrated notes

Levels and vault maps discovered:
D:1:      lightli_arrival_chessboard, layout_loops_corners, serial_shops,
          nicolae_shop_behind_doors
D:2:      layout_basic, hellmonk_ecumenical_altar_blasted,
          kennysheep_nondescript
D:3:      layout_basic, grunt_temple_overflow_diamond, serial_shops, shop
D:4:      layout_cave_pods, ashenzari_conservatory_becter, minmay_misc_feat_chi,
          uniq_crazy_yiuf_cottage
D:5:      layout_layer_cave, nicolae_wu_jian_immortal_techniques,
          nicolae_uskayaw_murder_on_the_dancefloor,
          minmay_temple_entry_nine_rooms, gup_sewer_entry_spiral,
          uniq_blork_the_orc, uniq_ijyb
D:6:      layout_basic, mainiacjoe_overflow_brackets, serial_shops,
          nicolae_lakefront_shop, uniq_sigmund
D:7:      layout_loops_ring, uniq_harold, uniq_menkaure
D:8:      layout_loops_cross, serial_bayou_pond_d, minivault_23,
          minmay_strange_pillars, kennysheep_generic_room_13
D:9:      kennysheep_blocky_hall, layout_long_grid, minivault_5
D:10:     layout_big_octagon, mainiacjoe_overflow_paths, uniq_sonja
D:11:     layout_irregular_city, david_lair_shrubbed, orc_0_dummy,
          kennysheep_minor_cross, uniq_urug
D:12:     layout_basic, kennysheep_small_spiral
D:13:     layout_basic, david_vaults_5, zin_purify
Temple:   dpeg_chambers_temple
Orc:1:    layout_caves, basic_altar

Skill      XL: |  1  2  3  4  5  6  7  8  9 10 11 12 13 |
---------------+----------------------------------------+-----
Shields        | 4 5 6 7 8 9 11 12 | 12.9
Long Blades    | 2 3 4 5 6 8 10 12 13 | 13.0
Armour         | 4 5 6 |  6.2
Fighting       | 4 5 6 7 9 |  9.9
Maces & Flails | 1 2 4 8 |  8.2
Invocations    | 2 4 6 |  6.6
Axes           | |  2.1

Action                   |  1- 3 |  4- 6 |  7- 9 | 10-12 | 13-15 || total
-------------------------+-------+-------+-------+-------+-------++-------
Melee: War axe           |    29 |       |       |       |       ||    29
       Long sword        |    44 |   108 |   261 |   111 |       ||   524
       Great mace        |       |       |    18 |   108 |       ||   126
       Great sword       |       |       |       |   165 |    61 ||   226
Invok: Heroism           |       |       |       |    16 |     2 ||    18
       Finesse           |       |       |       |     4 |     2 ||     6
 Abil: Dig               |     2 |     6 |     4 |     1 |       ||    13
  Use: Scroll            |     2 |     2 |     8 |     5 |     3 ||    20
       Potion            |       |       |     2 |     5 |     4 ||    11
Armor: Scale mail        |    52 |    54 |       |       |       ||   106
       Plate armour      |       |    10 |   127 |    47 |       ||   184
       Storm dragon scal |       |       |       |   155 |    65 ||   220
Dodge: Dodged            |    53 |    65 |    91 |   141 |    30 ||   380
Block: Buckler           |    16 |    59 |   152 |   268 |    91 ||   586
       Reflection        |       |       |     2 |    18 |    31 ||    51

Table legend: (Time is in decaauts)
 A = Elapsed time spent in this place.
 B = Non-inter-level travel time spent in this place.
 C = Inter-level travel time spent in this place.
 D = Time resting spent in this place.
 E = Time spent auto-exploring this place.
 F = Levels seen in this place.
 G = Mean time per level.
                   A        B        C        D        E       F      G
               +--------+--------+--------+--------+--------+-----+--------+
         Total |  17561 |  16966 |    595 |   3901 |  10291 |  16 | 1097.6 |
       Dungeon |  17279 |  16684 |    595 |   3881 |  10141 |  13 | 1329.2 |
        Temple |     37 |     37 |      0 |      0 |      0 |   1 |   37.0 |
  Orcish Mines |      1 |      1 |      0 |      0 |      0 |   1 |    1.0 |
         Sewer |    242 |    242 |      0 |     20 |    150 |   1 |  242.0 |
               +--------+--------+--------+--------+--------+-----+--------+

Top non-repeatable levels by time:
    D:12: 4372 daAuts
    D:11: 1388 daAuts
     D:9: 1348 daAuts
     D:4: 1278 daAuts
     D:5: 1269 daAuts
     D:8: 1201 daAuts
     D:3: 1195 daAuts
     D:7: 1102 daAuts
     D:1: 1068 daAuts
    D:10: 912 daAuts
     D:6: 892 daAuts
     D:2: 802 daAuts
    D:13: 446 daAuts
   Sewer: 242 daAuts
  Temple: 37 daAuts
